 Dungeon Crawl Stone Soup version 0.23.2-1-ga50397a (webtiles) character file.

Game seed: 18253273333109350291

2317 Fang the Skirmisher (level 9, -3/85 HPs)
             Began as a Gargoyle Berserker on Apr 24, 2019.
             Was a High Priest of Trog.
             Slain by a wight
             ... wielding a cursed +0 battleaxe
              (5 damage)
             ... on level 6 of the Dungeon.
             The game lasted 00:07:01 (5250 turns).

Fang the Skirmisher (Gargoyle Berserker)            Turns: 5250, Time: 00:07:02

Health: -3/85      AC: 26    Str: 28    XL:     9   Next: 41%
Magic:  9/9        EV: 11    Int:  9    God:    Trog [*****.]
Gold:   396        SH:  0    Dex:  9    Spells: 8/8 levels left

rFire    . . .     SeeInvis .   a - +0 war axe
rCold    . . .     Gourm    .   (no shield)
rNeg     + + .     Faith    .   b - +0 chain mail
rPois    ∞         Spirit   .   (no helmet)
rElec    +         Reflect  .   A - +1 cloak {MR+}
rCorr    .         Harm     .   (no gloves)
MR       +++..                  l - +2 pair of boots
Stlth    ..........             q - amulet of regeneration
HPRegen  1.64/turn              e - ring of positive energy
MPRegen  0.11/turn              p - +4 ring of protection

@: berserking, flying, regenerating, very quick
A: negative energy resistance 1, electricity resistance, unbreathing,
petrification resistance, rot immunity, AC +6
a: Berserk, Trog's Hand, Brothers in Arms, Renounce Religion


You were on level 6 of the Dungeon.
You worshipped Trog.
Trog was extremely pleased with you.
You were hungry.

You visited 1 branch of the dungeon, and saw 6 of its levels.

You collected 396 gold pieces.

Inventory:

Hand Weapons
 a - a +0 war axe (weapon)
Armour
 b - a +0 chain mail (worn)
 l - a +2 pair of boots (worn)
 t - a scarf of spirit shield
 A - a +1 cloak of magic resistance (worn)
Jewellery
 e - a ring of positive energy (left hand)
 p - a +4 ring of protection (right hand)
 q - an amulet of regeneration (around neck)
Wands
 y - a wand of disintegration (6)
Scrolls
 d - 3 scrolls of immolation {unknown}
 g - 10 scrolls of identify {unknown}
 i - 2 scrolls of noise {unknown}
 j - 4 scrolls of teleportation {unknown}
 n - 3 scrolls of remove curse
 r - a scroll of magic mapping {unknown}
 u - a scroll of enchant weapon {unknown}
 w - a scroll of enchant armour {unknown}
 C - a scroll of amnesia {unknown}
Potions
 f - a potion of flight
 h - a potion of curing {unknown}
 k - a potion of magic {unknown}
 m - a potion of brilliance {unknown}
 o - a potion of might {unknown}
 s - a potion of lignification {unknown}
 v - 2 potions of heal wounds {unknown}
 x - 2 potions of haste {unknown}
 z - 2 potions of ambrosia {unknown}
Comestibles
 c - 11 rations
 B - 12 chunks of flesh


   Skills:
 + Level 7.5 Fighting
 + Level 6.2 Axes
 + Level 7.0 Armour
 + Level 5.3 Dodging


You had 8 spell levels left.
You didn't know any spells.
Your spell library was empty.

Dungeon Overview and Level Annotations

Branches:
Dungeon (6/15)
 Temple: D:4-7

Altars:
Dithmenos
Elyvilon
Makhleb
Nemelex Xobeh
Ru
Sif Muna
Trog
Xom
The Shining One


Innate Abilities, Weirdness & Mutations

You are resistant to torment.
Your stone body is resilient. (AC +6)
You are immune to poison.
You resist negative energy. (rN+)
You are resistant to electric shocks. (rElec)
You can survive without breathing.
You are immune to petrification.
You are immune to rotting.


Message History

a +5 great sword; a +0 robe You closely miss something.
You hit the wight. You slash the orc warrior!
The orc warrior hits you but does no damage.
The orc warrior hits you with a +0 halberd.
* * * LOW HITPOINT WARNING * * *
You barely miss something. You slash the orc warrior!
You closely miss the wight. Something hits you but does no damage.
The wight hits you but does no damage.
The orc warrior hits you but does no damage.
The orc priest mumbles some strange prayers to Beogh against you.
Beogh smites you!
* * * LOW HITPOINT WARNING * * *
You slash the orc warrior!
You kill the orc warrior!
Trog accepts your kill.
Your Armour skill increases to level 7!
You barely miss the wight. x2; You closely miss something.
The wight hits you but does no damage.
The wight hits you with a cursed +0 battleaxe.
You die...

# ##. . ##.######### ...
##..........#######
....##o#†...............
#...#)........>.....##
#.ooz@)).......######
#..oz{........)###
#...####......)..## #...
####.####..#### #..
#........... ....
##.....##### ##.#
#.....# # #. #.....####.
###....##...


You could see an orc warrior, 2 wights, 2 orc priests and an orc.

Vanquished Creatures
  Menkaure (D:6)
  Duvessa (D:6)
  An ice beast (D:6)
  2 orc warriors (D:6)
  A sky beast (D:2)
  A necrophage (D:6)
  An ogre (D:4)
  2 centaurs (D:5)
  A bullfrog (D:6)
  Blork the orc (D:5)
  3 gnoll sergeants
  Dowan (D:6)
  5 wights (D:6)
  A crimson imp (D:6)
  Crazy Yiuf (D:5)
  A jelly (D:6)
  2 bullfrog skeletons
  2 hounds
  5 orc wizards
  2 orc priests
  A centaur skeleton (D:5)
  Ijyb (D:5)
  2 iguanas
  2 worker ants
  8 adders
  12 gnolls
  2 shadow imps (D:5)
  An ooze (D:1)
  An adder zombie (D:5)
  7 worms
  3 dart slugs
  3 leopard geckos
  30 orcs
  5 bats
  7 giant cockroaches
  7 goblins
  7 hobgoblins
  4 jackals (D:3)
  9 kobolds
  A ball python (D:4)
  7 frilled lizards
  A jackal skeleton (D:5)
  A quokka skeleton (D:4)
  8 rats
165 creatures vanquished.

Notes
Turn   | Place    | Note
-------+----------+-------------------------------------------
     0 | D:1      | Fang the Gargoyle Berserker began the quest for the Orb.
     0 | D:1      | Reached XP level 1. HP: 14/14 MP: 1/1
   262 | D:1      | Reached XP level 2. HP: 18/19 MP: 2/2
   558 | D:1      | Reached XP level 3. HP: 23/23 MP: 3/3
   903 | D:2      | Reached ** piety under Trog
   906 | D:2      | Reached XP level 4. HP: 25/29 MP: 4/4
   944 | D:2      | Noticed a sky beast
   975 | D:2      | Killed a sky beast
   975 | D:2      | Reached XP level 5. HP: 9/33 MP: 5/5
  1841 | D:3      | Reached XP level 6. HP: 24/39 MP: 6/6
  2223 | D:3      | Found a white marble altar of Elyvilon.
  2334 | D:3      | Found a bloodstained altar of Trog.
  2467 | D:3      | Reached *** piety under Trog
  2508 | D:3      | Found a shadowy altar of Dithmenos.
  2562 | D:3      | Found a glowing golden altar of the Shining One.
  2649 | D:3      | Found a white marble altar of Elyvilon.
  2689 | D:3      | Found a deep blue altar of Sif Muna.
  2773 | D:4      | Reached skill level 5 in Fighting
  2773 | D:4      | Reached XP level 7. HP: 28/44 MP: 7/7
  3374 | D:4      | Found a sacrificial altar of Ru.
  3374 | D:4      | Found a shimmering altar of Xom.
  3375 | D:4      | Found a sparkling altar of Nemelex Xobeh.
  3651 | D:5      | Entered Level 5 of the Dungeon
  3764 | D:5      | Found a runed translucent door.
  3765 | D:5      | Noticed Crazy Yiuf
  3910 | D:5      | Reached **** piety under Trog
  3917 | D:5      | Reached skill level 5 in Armour
  3929 | D:5      | Reached XP level 8. HP: 36/51 MP: 2/8
  4056 | D:5      | Noticed Blork the orc
  4071 | D:5      | Killed Blork the orc
  4071 | D:5      | Reached skill level 5 in Axes
  4108 | D:5      | Found a burning altar of Makhleb.
  4109 | D:5      | Noticed a green death
  4170 | D:5      | Noticed Ijyb
  4186 | D:5      | Killed Ijyb
  4807 | D:5      | Killed Crazy Yiuf
  5068 | D:6      | Noticed Duvessa
  5072 | D:6      | Reached XP level 9. HP: 44/56 MP: 9/9
  5074 | D:6      | Noticed Dowan
  5080 | D:6      | Noticed Menkaure
  5088 | D:6      | Killed Dowan
  5088 | D:6      | Reached skill level 5 in Dodging
  5096 | D:6      | Killed Menkaure
  5117 | D:6      | Killed Duvessa
  5203 | D:6      | Reached ***** piety under Trog
  5249 | D:6      | HP: 1/85 [orc priest/divine providence (13)]
  5250 | D:6      | Slain by a wight

Skill      XL: |  1  2  3  4  5  6  7  8  9 |
---------------+----------------------------+-----
Axes           | 3 4 5 6 |  6.2
Dodging        | 2 3 4 5 |  5.3
Armour         | 3 4 5 6 7 |  7.0
Fighting       | 4 5 6 7 |  7.5

Action                   |  1- 3 |  4- 6 |  7- 9 || total
-------------------------+-------+-------+-------++-------
Melee: Hand axe          |   118 |   230 |       ||   348
       War axe           |       |    25 |   301 ||   326
Invok: Berserk           |       |     4 |     5 ||     9
       Trog's Hand       |       |       |     3 ||     3
  Use: Scroll            |       |     2 |       ||     2
       Potion            |       |       |     1 ||     1
  Eat: Chunk             |       |    10 |    14 ||    24
Armor: Animal skin       |    51 |   111 |    21 ||   183
       Chain mail        |       |       |   276 ||   276
Dodge: Dodged            |   102 |   203 |   225 ||   530
